 Dungeon Crawl Stone Soup version 0.32-a0-132-g2d33c3cfaf (webtiles) character file.

Game seed: 9640990354082138331

676 Ceno the Changeling (level 7, -4/70 HPs)
             Began as an Octopode Shapeshifter on Feb 10, 2024.
             Was an Initiate of Gozag.
             Slain by an ice beast (14 damage)
             ... on level 5 of the Dungeon.
             The game lasted 00:09:45 (3852 turns).

Ceno the Changeling (Octopode Shapeshifter)         Turns: 3852, Time: 00:09:47

Health: -4/70      AC: 27    Str: 19    XL:     7   Next: 59%
Magic:  7/7        EV:  2    Int: 12    God:    Gozag
Gold:   220        SH:  0    Dex: 14    Spells: 6/6 levels left

rFire   . .          .
                       - Unarmed
rCold   . . .        (no shield)
rNeg    . . .        (helmet currently unavailable)
rPois   +            (no amulet)
rElec   .            t - +6 ring of strength
rCorr   .            v - +4 ring of protection
SInv    .            (no ring)
Will    .....        (no ring)
Stlth   ++           (no ring)
HPRegen 0.31/turn    (no ring)
MPRegen 0.10/turn    (no ring)
                     (no ring)

%: no passive effects
@: tree-form, gold aura
A: stationary, stasis, torment immunity, boosted hp, almost no armour,
(amphibious), 8 rings, (camouflage 1), (gelatinous body 1), (nimble swimmer 1),
(tentacles)
a: Renounce Religion, Potion Petition, Call Merchant, Bribe Branch


You were on level 5 of the Dungeon.
You worshipped Gozag.
Gozag was aware of your devotion.
You were a tree.
You visited 2 branches of the dungeon, and saw 6 of its levels.
You also visited: Sewer.

You collected 295 gold pieces.
You paid 75 gold pieces to Gozag.

Inventory:

Missiles
 h - 51 stones (quivered)
 m - 5 poisoned darts
Jewellery
 t - a +6 ring of strength (left branch)
 v - a +4 ring of protection (right branch)
Talismans
 b - a beast talisman
 c - a flux talisman
 j - a serpent talisman
Wands
 w - a wand of roots (6)
Scrolls
 d - a scroll of acquirement {unknown}
 e - 2 scrolls of teleportation
 f - 4 scrolls of fear
 i - 3 scrolls of noise
 k - a scroll of enchant weapon {unknown}
 r - a scroll of revelation {unknown}
 u - a scroll of torment {unknown}
Potions
 g - a potion of might
 l - a potion of mutation
 n - a potion of cancellation
 o - a potion of haste
 p - a potion of heal wounds
 q - 3 potions of enlightenment
 s - a potion of curing {unknown}


   Skills:
 + Level 3.7 Fighting
 - Level 2.0 Dodging
 - Level 3.0 Stealth
 + Level 4.9 Unarmed Combat
 * Level 5.8 Shapeshifting


You had 6 spell levels left.
You didn't know any spells.
Your spell library contained the following spells:

 Spells                   Type           Power      Damage    Failure   Level
 Kiss of Death            Conj/Necr      0%         2d5       32%         1
 Magic Dart               Conj           0%         1d3       32%         1
 Shock                    Conj/Air       0%         1d3       32%         1
 Cigotuvi's Dreadful Rot  Necr/Alch/Air  0%         N/A       45%         2
 Searing Ray              Conj           0%         2d4       45%         2
 Confusing Touch          Hex            0%         N/A       69%         3
 Swiftness                Air            0%         N/A       69%         3
 Airstrike                Air            0%         2d(0-16)  97%         4
 Dispel Undead            Necr           0%         3d6       97%         4
 Fulminant Prism          Conj/Alch      0%         3d5       97%         4
 Ignite Poison            Fire/Alch      0%         N/A       97%         4
 Freezing Cloud           Conj/Ice/Air   0%         6-21      100%        5


Dungeon Overview and Level Annotations

Branches:
Dungeon (5/15)             Temple (1/1) D:4           Sewer (visited)

Altars:
Ashenzari
Cheibriados
Dithmenos
Elyvilon
Gozag
Hepliaklqana
Kikubaaqudgha
Makhleb
Nemelex Xobeh
Okawaru
Qazlal
Trog
Uskayaw
Vehumet
Wu Jian
Xom
Yredelemnul
The Shining One

Shops:
D:5 [

Annotations:
D:4 1 runed translucent door, Crazy Yiuf


Innate Abilities, Weirdness & Mutations

You are a tree.
Your roots penetrate the ground, keeping you stationary.
You cannot be teleported.
You are immune to unholy pain and torment.
Your maximum health is greatly increased.
You cannot wear most types of armour.
((You are amphibious.))
You can wear up to eight rings at the same time.
((Your skin changes colour to match your surroundings (Stealth+).))
((Your rubbery body absorbs attacks. (AC +1, EV +1)))
((You are camouflaged when in or above water. (Stealth+)))
((You have tentacles for arms and can constrict up to eight enemies at once.))


Message History

You feel very sick.
The water moccasin bites you but does no damage.
The centaur hits you but does no damage.
The centaur kicks you but does no damage.
The water moccasin bites you but does no damage.
You smack the water moccasin!
The water moccasin is almost dead.
You feel sick. The centaur hits you.
* * * LOW HITPOINT WARNING * * *
The centaur kicks you but does no damage.
The water moccasin barely misses you. The centaur barely misses you.
The centaur kicks you.
* * * LOW HITPOINT WARNING * * *
An ice beast comes into view.
You smack the water moccasin!
You kill the water moccasin!
You feel sick. The centaur completely misses you.
The centaur kicks you but does no damage.
You smack the centaur!
You kill the centaur!
You feel sick.
You feel sick.
You feel sick.
You closely miss the ice beast.
You feel sick.
The ice beast hits you but does no damage.
You closely miss the ice beast.
You feel sick.
The ice beast hits you but does no damage.
You closely miss the ice beast. You punch the ice beast.
The ice beast is lightly wounded.
You feel sick.
The ice beast hits you but does no damage.
You smack the ice beast!
The ice beast is heavily wounded.
You feel sick.
You are no longer poisoned.
The ice beast hits you.
* * * LOW HITPOINT WARNING * * *
The ice beast freezes you!
You die...
Your body crumbles into a pile of gold.

...................!#
........#...#...#.##.
.......#.#..........
.....#...#.##......#
..#..∩..## ##...##
#.#...#.## ....
#..#?#..... ...
###...#.......
#..Y♣..#.......
#..$$.........#
.................#
...#......#####+#
...#......# .
#......# ........
≈.≈......+


You could see an ice beast.

Vanquished Creatures
  A water moccasin (D:5)
  An ogre (D:4)
  A centaur (D:5)
  A brain worm (Sewer)
  2 orc priests
  An iguana (D:3)
  9 adders
  4 river rats
  2 dart slugs (D:1)
  8 ribbon worms
  8 orcs
  10 bats
  9 endoplasms
  10 giant cockroaches
  6 goblins
  8 hobgoblins
  A jackal (Sewer)
  10 quokkas
  17 ball pythons
  4 frilled lizards
  6 kobolds
  3 rats
122 creatures vanquished.

Notes
Turn   | Place    | Note
-------+----------+-------------------------------------------
     0 | D:1      | Ceno the Octopode Shapeshifter began the quest for the Orb.
     0 | D:1      | Reached XP level 1. HP: 13/13 MP: 1/1
   108 | D:1      | Reached skill level 1 in Stealth
   204 | D:1      | Reached XP level 2. HP: 18/18 MP: 2/2
   725 | D:2      | Reached XP level 3. HP: 19/23 MP: 3/3
  1134 | D:2      | Reached XP level 4. HP: 21/28 MP: 4/4
  1740 | D:3      | Reached XP level 5. HP: 34/34 MP: 5/5
  1757 | D:3      | Reached skill level 4 in Shapeshifting
  1765 | D:3      | Found a glowing drain.
  1826 | Sewer    | Entered a sewer
  1999 | Sewer    | Reached XP level 6. HP: 40/41 MP: 6/6
  3173 | D:4      | Reached skill level 5 in Shapeshifting
  3176 | D:4      | Reached XP level 7. HP: 18/46 MP: 7/7
  3337 | D:4      | Found a staircase to the Ecumenical Temple.
  3357 | Temple   | Entered the Ecumenical Temple
  3362 | Temple   | Became a worshipper of Gozag Ym Sagoz the Greedy
  3461 | D:4      | You fall into a shaft and drop 1 floor!
  3461 | D:5      | Entered Level 5 of the Dungeon
  3461 | D:5      | Found Daituap's Armour Shoppe.
  3517 | D:4      | Found a runed translucent door.
  3518 | D:4      | Noticed Crazy Yiuf
  3852 | D:5      | Slain by an ice beast

Illustrated notes

Levels and vault maps discovered:
D:1:      elethiomel_arrival_maze, layout_basic
D:2:      layout_loops_ring, st_stairs_9, minmay_misc_feat_secret_circle
D:3:      kennysheep_big_flooded_room, layout_loops_ring,
          gup_sewer_entry_bubbles, kennysheep_generic_room_9
D:4:      layout_basic, minmay_temple_entry_proselytizer,
          minmay_misc_feat_plants, uniq_crazy_yiuf_cottage
D:5:      layout_rooms, marbit_many_paths, mainiacjoe_overflow_cross_hatched,
          serial_shops, nicolae_diamond_shop, minmay_fountain_box
Temple:   dpeg_three_leaves_temple

Skill      XL: |  1  2  3  4  5  6 |
---------------+-------------------+-----
Stealth        | 2 3 |  3.0
Fighting       | 2 3 |  3.7
Shapeshifting  | 4 5 |  5.8
Unarmed Combat | 4 |  4.9
Dodging        | |  2.0

Action                     |  1- 3 |  4- 6 |  7- 9 || total
---------------------------+-------+-------+-------++-------
  Melee: Unarmed           |    68 |   156 |    25 ||   249
         Tentacles         |    18 |    27 |     2 ||    47
         Constrict         |    17 |    41 |     4 ||    62
         Punch             |     3 |    17 |     3 ||    23
  Throw: Stone             |       |     3 |       ||     3
    Use: Scroll            |       |     7 |       ||     7
         Potion            |       |       |     2 ||     2
   Stab: Sleeping          |     8 |    19 |     1 ||    28
 Armour: Skin              |    25 |    50 |    30 ||   105
  Dodge: Dodged            |    19 |    86 |    20 ||   125

Table legend: (Time is in decaauts)
 A = Elapsed time spent in this place.
 B = Non-inter-level travel time spent in this place.
 C = Inter-level travel time spent in this place.
 D = Time resting spent in this place.
 E = Time spent auto-exploring this place.
 F = Levels seen in this place.
 G = Mean time per level.
                   A        B        C        D        E       F      G
               +--------+--------+--------+--------+--------+-----+--------+
         Total |   3837 |   3710 |    127 |    182 |   2302 |   7 |  548.1 |
       Dungeon |   3245 |   3122 |    123 |     92 |   2159 |   5 |  649.0 |
        Temple |     10 |      6 |      4 |      0 |      0 |   1 |   10.0 |
         Sewer |    581 |    581 |      0 |     90 |    143 |   1 |  581.0 |
               +--------+--------+--------+--------+--------+-----+--------+

Top non-repeatable levels by time:
     D:3: 876 daAuts
     D:2: 828 daAuts
     D:4: 816 daAuts
     D:1: 693 daAuts
   Sewer: 581 daAuts
     D:5: 30 daAuts
  Temple: 10 daAuts
